cohdb
Replays
Latest Replays
All Replays
Popular Replays
Top Player Replays
Match Explorer
How It Works
Community
CoH3 Stats
Reddit
Sign in to upload your games and track your stats! →
Sign in with Steam
Match 45625824
Unlisted
Match 45625824
Overview
Messages
Build Orders
End
250 Light Carrier
Panzergrenadier Squad
Panzergrenadier Squad
Construct Light Support Kompanie
Combat Half-tracks
Selects Armored Support Battlegroup
Selects Superior Fire Drills
Fire Support Elements
Veteran Squad Leaders
2.5-tonne Medical Truck
Panzerjäger Mechanized Group
Construct Panzerarmee Kommand
Panzer III L Medium Tank
Rapid Advance
Panzerjäger Mechanized Group
Selects Salvage Kits
Selects Panzer Storm
Walking Stuka Rocket Launcher
Armored Reserves
Selects Stuka Anti-tank Loiter
Tiger Heavy Tank
Be Frabjous
water
Hirys it's Irys
Lapis Rose
Kickass
Scamp
tweaky
chandydandy
0
0
Comments
sign in to comment!
No comments posted yet!